 Dungeon Crawl Stone Soup version 0.31-a0-744-gbc345e7fcb (webtiles) character file.

Game seed: 6739171695503680940

8902 Bravepunisher the Nimble (level 11, -1/64 HPs)
             Began as a Spriggan Monk on Sept 13, 2023.
             Was a High Priest of Makhleb.
             Collided with a rock wall (11 damage)
             ... caused by Erica
             ... on level 11 of the Dungeon.
             The game lasted 00:43:46 (9547 turns).

Bravepunisher the Nimble (Spriggan Monk)            Turns: 9547, Time: 00:43:56

Health: -1/64      AC:  7    Str:  7    XL:     11   Next: 16%
Magic:  18/18      EV: 24    Int: 12    God:    Makhleb [*****.]
Gold:   614        SH:  9    Dex: 22    Spells: 10/10 levels left

rFire   . . .        n - +3 falchion
rCold   . . .        y - +0 buckler
rNeg    . . .        M - +0 acid dragon scales
rPois   +            (helmet restricted)
rElec   .            C - +0 cloak
rCorr   +            (gloves unavailable)
SInv    +            (boots unavailable)
Will    ++...        A - amulet of regeneration
Stlth   +            m - ring of poison resistance
HPRegen 1.10/turn    (no ring)
MPRegen 0.16/turn

%: no passive effects
@: very quick
A: very small, no large weapons, unfitting armour, see invisible, speed 3, large
bone plates 1, strong-willed 1
a: Renounce Religion, Minor Destruction, Lesser Servant of Makhleb, Major
Destruction, Greater Servant of Makhleb


You were on level 11 of the Dungeon.
You worshipped Makhleb.
Makhleb was extremely pleased with you.
You visited 2 branches of the dungeon, and saw 12 of its levels.
You also visited: Ossuary.

You collected 614 gold pieces.

Inventory:

Hand Weapons
 n - a +3 falchion (weapon)
Missiles
 G - a throwing net
Armour
 d - an orb of light
 y - a +0 buckler (worn)
 C - a +0 cloak (worn)
 M - +0 acid dragon scales (worn)
Jewellery
 m - a ring of poison resistance (left hand)
 A - an amulet of regeneration (around neck)
Wands
 j - a wand of mindburst (7)
 o - a wand of charming (7)
 L - a wand of quicksilver (6)
Scrolls
 a - 2 scrolls of revelation
 e - a scroll of enchant weapon {unknown}
 f - a scroll of silence {unknown}
 g - a scroll of poison {unknown}
 u - 4 scrolls of identify
 w - 3 scrolls of enchant armour {unknown}
 x - a scroll of blinking {unknown}
 z - 4 scrolls of fear {unknown}
 B - 2 scrolls of amnesia {unknown}
 D - a scroll of torment {unknown}
 F - 4 scrolls of teleportation
 I - 2 scrolls of fog {unknown}
 J - a scroll of summoning {unknown}
Potions
 c - 2 potions of ambrosia
 h - 3 potions of haste
 i - a potion of invisibility
 k - 3 potions of heal wounds
 l - 9 potions of curing
 p - 2 potions of resistance
 q - 2 potions of lignification
 r - 3 potions of brilliance
 s - a potion of attraction
 t - 4 potions of might {unknown}
 v - 8 potions of degeneration
 E - 4 potions of mutation
 H - 4 potions of berserk rage {unknown}
 K - 3 potions of cancellation {unknown}


   Skills:
 * Level 10.6 Fighting
 - Level 3.2 Short Blades
 + Level 11.8 Dodging
 + Level 2.3 Shields
 + Level 8.4 Invocations


You had 10 spell levels left.
You didn't know any spells.
Your spell library contained the following spells:

 Spells                   Type           Power      Damage    Failure   Level
 Kiss of Death            Conj/Necr      0%         2d5       71%         1
 Necrotise                Necr           0%         1d4       71%         1
 Ensorcelled Hibernation  Hex/Ice        0%         N/A       83%         2
 Jinxbite                 Hex            0%         N/A       83%         2
 Wereblood                Tmut           0%         N/A       83%         2
 Confusing Touch          Hex            0%         N/A       97%         3
 Vampiric Draining        Necr           0%         2d6       97%         3
 Anguish                  Hex/Necr       0%         N/A       100%        4
 Dispel Undead            Necr           0%         3d6       100%        4
 Agony                    Necr           0%         N/A       100%        5
 Irradiate                Conj/Tmut      0%         3d11      100%        5


Dungeon Overview and Level Annotations

Branches:
Dungeon (11/15)            Temple (1/1) D:4         Ossuary (visited)
   Lair: D:8-11         Orc: D:9-12

Altars:
Ashenzari
Cheibriados
Dithmenos
Elyvilon
Fedhas
Gozag
Hepliaklqana
Kikubaaqudgha
Makhleb
Nemelex Xobeh
Okawaru
Qazlal
Ru
Sif Muna
Trog
Uskayaw
Vehumet
Wu Jian
Xom
Yredelemnul
Zin
The Shining One

Shops:
D:8 !

Portals:
Abyss: D:6
Trove: D:10 (give 16 scrolls of teleportation)

Annotations:
D:6 2 transporters, Bravepunisher's ghost, amateur SpMo
D:11 Erica


Innate Abilities, Weirdness & Mutations

You are very small and have problems with some larger weapons.
You are too small for most types of armour.
You have supernaturally acute eyesight. (SInv)
You cover ground extremely quickly. (Speed+++)
You are partially covered in large bone plates. (SH +4)
You are strong-willed. (Will+)


Message History

The stone arrow misses the goblin zombie.
Aiming: Minor Destruction (0% risk of failure)
Press: ? - help, Shift-Dir - straight line, f/p - goblin zombie
Aim: a goblin zombie (severely damaged)
The stone arrow hits the goblin zombie!
You destroy the goblin zombie!
Makhleb accepts your kill.
Aiming: Minor Destruction (0% risk of failure)
Press: ? - help, Shift-Dir - straight line, f - Erica
Aim: Erica, wielding a +3 scimitar of flaming and wearing a +0 robe The stone arrow misses Erica.
Erica hits you with a +3 scimitar of flaming!
Erica burns you.
You slash Erica!
Erica is moderately wounded.
Erica completely misses you.
You hit Erica.
Erica is moderately wounded.
Erica hits you with a +3 scimitar of flaming.
Erica burns you.
Erica hits you with a +3 scimitar of flaming!
Erica burns you!
Aiming: Minor Destruction (0% risk of failure)
Press: ? - help, Shift-Dir - straight line, f/p - Erica
Aim: Erica, wielding a +3 scimitar of flaming and wearing a +0 robe (moderately wounded)
The glob of acid hits Erica!
The acid corrodes Erica!
Erica is heavily wounded.
You block Erica's attack.
Aiming: Minor Destruction (0% risk of failure)
Press: ? - help, Shift-Dir - straight line, f/p - Erica
Aim: Erica, wielding a +3 scimitar of flaming and wearing a +0 robe (heavily wounded, covered in acid)
The puff of flame hits Erica.
Erica is heavily wounded.
Erica points at you and mumbles some strange words.
The lance of force hits you!
* * * LOW HITPOINT WARNING * * *
You are knocked back by the lance of force.
You slam into the rock wall!
You die...
Erica begins laughing uncontrollably.

## #.#.##.....#######.#.
.. #..........[.......#.
#.##.###......##........
#....###......)...##..#.
##.#...##.##.#####.##..##
.......#....#### ..Z###
##..##.......# 8Z. #.
####.####


Z.Z # #.@..# .oZ.. #.#.#..... Z.. ......@.#... ... ..#####.###... . #.# #....
#.# .... #.# ... #.# ## #.# You could see Erica (corroded).

Vanquished Creatures
  A kobold demonologist (D:10)
  2 trolls (D:11)
  3 hornets
  3 wyverns
  A wraith (D:9)
  A shadow (D:11)
  11 yaks
  An acid dragon (D:11)
  A water moccasin (D:9)
  4 orc warriors
  4 ice beasts
  A black bear (D:6)
  An ogre (D:6)
  5 centaurs
  2 phantoms
  A kobold brigand (D:9)
  A gnoll sergeant (D:9)
  4 bullfrogs
  4 scorpions
  2 troll zombies (D:11)
  6 wights (D:7)
  5 killer bees
  A jelly (D:8)
  6 howler monkeys
  A centaur zombie (Ossuary)
  2 human zombies (Ossuary)
  6 orc priests
  3 hounds
  A gnoll bouda (D:7)
  4 iguanas
  7 orc wizards
  An ogre zombie (D:11)
  2 mummies (Ossuary)
  12 adders
  16 gnolls
  2 white imps
  An ufetubus (D:7)
  A worm (D:4)
  5 dart slugs
  33 orcs
  4 endoplasms
  6 giant cockroaches
  3 goblins
  4 hobgoblins
  8 jackals
  15 kobolds
  3 quokkas
  16 ball pythons
  7 bats
  5 frilled lizards
  7 goblin zombies
  3 hobgoblin zombies
  2 orc skeletons (D:11)
  11 orc zombies
  5 rats
267 creatures vanquished.

Vanquished Creatures (collateral kills)
  Jeremiah (D:7)
  2 yaks (D:8)
  A wraith (D:7)
  An orc warrior (D:7)
  3 killer bees
  A mummy (Ossuary)
  An ufetubus (D:7)
10 creatures vanquished.

Grand Total: 277 creatures vanquished

Notes
Turn   | Place    | Note
-------+----------+-------------------------------------------
     0 | D:1      | Bravepunisher the Spriggan Monk began the quest for the
                  | Orb.
     0 | D:1      | Reached XP level 1. HP: 11/11 MP: 2/2
   114 | D:2      | Reached XP level 2. HP: 5/16 MP: 3/3
   344 | D:4      | Found a staircase to the Ecumenical Temple.
   353 | Temple   | Entered the Ecumenical Temple
   364 | Temple   | Became a worshipper of Makhleb the Destroyer
   364 | Temple   | Reached * piety under Makhleb
   364 | Temple   | Reached ** piety under Makhleb
   454 | D:4      | Noticed a scorpion
   521 | D:5      | Entered Level 5 of the Dungeon
   525 | D:5      | Reached XP level 3. HP: 17/20 MP: 4/4
   578 | D:5      | Reached skill level 1 in Invocations
   625 | D:5      | Reached XP level 4. HP: 24/24 MP: 5/5
   628 | D:5      | Reached skill level 5 in Dodging
   897 | D:5      | Reached XP level 5. HP: 26/29 MP: 7/7
  1154 | D:4      | Reached XP level 6. HP: 27/34 MP: 8/8
  1333 | D:3      | Reached *** piety under Makhleb
  1543 | D:2      | Found a faded altar of an unknown god.
  1870 | D:1      | Reached skill level 6 in Dodging
  2991 | D:2      | Reached **** piety under Makhleb
  3255 | D:2      | Reached skill level 5 in Fighting
  3533 | D:4      | Reached XP level 7. HP: 36/39 MP: 10/10
  3746 | D:4      | Found a radiant altar of Vehumet.
  4327 | D:6      | Reached skill level 7 in Dodging
  4380 | D:6      | Found a transporter.
  4401 | D:6      | Found a transporter.
  4403 | D:6      | Found a one-way gate to the infinite horrors of the Abyss.
  4403 | D:6      | Noticed Bravepunisher's ghost (amateur SpMo)
  4405 | D:6      | Noticed a hellwing
  4417 | D:6      | Reached XP level 8. HP: 44/44 MP: 10/12
  4501 | D:6      | Found a sacrificial altar of Ru.
  4566 | D:6      | Found a sand-covered staircase.
  4720 | D:6      | Reached skill level 8 in Dodging
  5077 | Ossuary  | Entered an ossuary
  5151 | Ossuary  | Reached skill level 5 in Invocations
  5302 | Ossuary  | Gained mutation: Potions are less effective at restoring
                  | your health. [potion of mutation]
  5302 | Ossuary  | Gained mutation: You expend magic power (3 MP) to
                  | strengthen your wands. [potion of mutation]
  5302 | Ossuary  | Gained mutation: You have sharp toenails. [potion of
                  | mutation]
  5303 | Ossuary  | Lost mutation: Potions are less effective at restoring your
                  | health. [potion of mutation]
  5303 | Ossuary  | Lost mutation: You have sharp toenails. [potion of
                  | mutation]
  5303 | Ossuary  | Gained mutation: Your body sometimes deteriorates upon
                  | taking damage. [potion of mutation]
  5303 | Ossuary  | Gained mutation: You do not regenerate when monsters are
                  | visible. [potion of mutation]
  5303 | Ossuary  | Gained mutation: You are partially covered in large bone
                  | plates. (SH +4) [potion of mutation]
  5304 | Ossuary  | Lost mutation: You do not regenerate when monsters are
                  | visible. [potion of mutation]
  5304 | Ossuary  | Lost mutation: Your body sometimes deteriorates upon taking
                  | damage. [potion of mutation]
  5304 | Ossuary  | Lost mutation: You expend magic power (3 MP) to strengthen
                  | your wands. [potion of mutation]
  5304 | Ossuary  | Gained mutation: You are strong-willed. (Will+) [potion of
                  | mutation]
  5522 | D:7      | Reached XP level 9. HP: 41/50 MP: 14/14
  5532 | D:7      | Noticed Jeremiah
  5547 | D:7      | Killed Jeremiah
  5548 | D:7      | Reached skill level 9 in Dodging
  5602 | D:7      | Reached ***** piety under Makhleb
  6628 | D:8      | Found Quucro's Distillery.
  6677 | D:8      | Reached skill level 10 in Dodging
  6838 | D:8      | Reached XP level 10. HP: 13/58 MP: 16/16
  7670 | D:9      | Reached skill level 11 in Dodging
  8015 | D:9      | Found a glowing golden altar of the Shining One.
  8506 | D:10     | Entered Level 10 of the Dungeon
  8518 | D:9      | Reached skill level 10 in Fighting
  8518 | D:9      | Reached skill level 1 in Shields
  8929 | D:10     | Found a portal to a secret trove of treasure.
  8971 | D:10     | Reached XP level 11. HP: 35/64 MP: 18/18
  9533 | D:11     | Noticed Erica
  9547 | D:11     | Collided with a rock wall

Illustrated notes

Levels and vault maps discovered:
D:1:      minmay_arrival_doors, layout_loops_ring, minmay_hexomino_p4
D:2:      layout_loops_cross, ebering_ecumenical_altar_sacrificial,
          kennysheep_generic_room_6
D:3:      layout_basic, minmay_tree_intersection
D:4:      layout_rooms, vehumet_crystals, temple_fountains, fountainhead,
          hangedman_decor_clover_reticule, hangedman_decor_growths
D:5:      layout_loops_ring
D:6:      minmay_spotlight, layout_cave_pools, overflow_temple_1_default,
          gammafunk_ghost_abyssal_escape, nicolae_ossuary_entry_false_entrances,
          chequers_serial_rivers_large_b
D:7:      layout_loops_ring, minmay_diced_spiral, uniq_jeremiah
D:8:      layout_gridville, serial_shops, shop
D:9:      layout_grid_maze, mainiacjoe_overflow_tiny_flanked
D:10:     layout_cross, enter_trove_1
D:11:     layout_loops_ring, erik_lair_orcish_takeover, zombieorc2_lemuel,
          special_room [special_room_orc], uniq_harold, uniq_erica
Temple:   hellmonk_temple_of_storms

Skill      XL: |  1  2  3  4  5  6  7  8  9 10 |
---------------+-------------------------------+-----
Fighting       | 3 4 5 6 7 9 10 | 10.6
Invocations    | 1 2 3 4 5 6 8 |  8.4
Dodging        | 5 6 7 8 10 11 | 11.8
Shields        | 2 |  2.3
Short Blades   | |  3.2

Action                     |  1- 3 |  4- 6 |  7- 9 | 10-12 || total
---------------------------+-------+-------+-------+-------++-------
  Melee: Short sword       |    55 |     1 |       |       ||    56
         Falchion          |       |    60 |   126 |   158 ||   344
 Invoke: Minor Destruction |    14 |   154 |   184 |   229 ||   581
         Lesser Servant of |       |       |     4 |     3 ||     7
  Evoke: Wand              |       |       |     1 |     3 ||     4
    Use: Potion            |       |       |     3 |       ||     3
         Scroll            |       |       |       |    10 ||    10
   Stab: Distracted        |       |       |     1 |     2 ||     3
 Armour: Robe              |    11 |    26 |    43 |    53 ||   133
         Acid dragon scale |       |       |       |    12 ||    12
  Dodge: Dodged            |    52 |    64 |   146 |   217 ||   479
  Block: Orb               |       |       |    16 |     8 ||    24
         Buckler           |       |       |       |   100 ||   100

Table legend: (Time is in decaauts)
 A = Elapsed time spent in this place.
 B = Non-inter-level travel time spent in this place.
 C = Inter-level travel time spent in this place.
 D = Time resting spent in this place.
 E = Time spent auto-exploring this place.
 F = Levels seen in this place.
 G = Mean time per level.
                   A        B        C        D        E       F      G
               +--------+--------+--------+--------+--------+-----+--------+
         Total |   7216 |   6912 |    304 |    829 |   3993 |  13 |  555.1 |
       Dungeon |   7006 |   6705 |    301 |    829 |   3979 |  11 |  636.9 |
        Temple |     13 |     10 |      3 |      0 |      0 |   1 |   13.0 |
       Ossuary |    196 |    196 |      0 |      0 |     13 |   1 |  196.0 |
               +--------+--------+--------+--------+--------+-----+--------+

Top non-repeatable levels by time:
     D:9: 1237 daAuts
     D:7: 958 daAuts
     D:5: 825 daAuts
     D:3: 683 daAuts
     D:2: 629 daAuts
     D:6: 603 daAuts
     D:8: 553 daAuts
     D:1: 489 daAuts
     D:4: 450 daAuts
    D:10: 302 daAuts
    D:11: 272 daAuts
 Ossuary: 196 daAuts
  Temple: 13 daAuts
